 Dungeon Crawl Stone Soup version 0.32-a0-918-g0f22ef8d61 (webtiles) character file.

Game seed: 8095016200128446573

347 nel the Grave Robber (level 6, -6/41 HPs)
             Began as a Demonspawn Necromancer on Apr 11, 2024.
             Mangled by Menkaure (22 damage)
             ... on level 4 of the Dungeon on Apr 12, 2024.
             The game lasted 00:11:39 (3237 turns).

nel the Grave Robber (Demonspawn Necromancer)       Turns: 3237, Time: 00:11:39

Health: -6/41      AC:  6    Str:  8    XL:     6   Next: 32%
Magic:  5/9        EV: 12    Int: 15    God:
Gold:   227        SH:  5    Dex: 16    Spells: 1/9 levels left

rFire   . . .        m - +0 short sword
rCold   . . .        (no shield)
rNeg    . . .        q - +0 leather armour of Jigsaw {rPois Slay+3 Stlth+}
rPois   +            (no helmet)
rElec   .            (no cloak)
rCorr   .            (no gloves)
SInv    .            (no boots)
Will    .....        e - amulet of reflection
Stlth   +++          j - ring of wizardry
HPRegen 0.26/turn    (no ring)
MPRegen 0.11/turn

%: reflection, wizardry (x1)
@: no status effects
A: icy blue scales 2
a: no special abilities


You were on level 4 of the Dungeon.
You visited 1 branch of the dungeon, and saw 4 of its levels.

You collected 227 gold pieces.

Inventory:

Hand Weapons
 m - a +0 short sword (weapon)
Missiles
 n - 11 poisoned darts (quivered)
Armour
 q - the +0 leather armour of Jigsaw (worn) {rPois Slay+3 Stlth+}
   (You found it on level 3 of the Dungeon)

   Slay+3:    It affects your accuracy & damage with ranged weapons and melee
   (+3).
   rPois:     It protects you from poison.
   Stlth+:    It makes you more stealthy.
Jewellery
 e - an amulet of reflection (around neck)
 j - a ring of wizardry (left hand)
 r - a ring of poison resistance
Scrolls
 a - a scroll of vulnerability {unknown}
 c - a scroll of revelation {unknown}
 d - 3 scrolls of identify {unknown}
 h - 3 scrolls of immolation {unknown}
 k - a scroll of amnesia {unknown}
 l - a scroll of teleportation {unknown}
Potions
 b - a potion of magic
 f - 3 potions of curing {unknown}
 g - a potion of enlightenment {unknown}
 i - a potion of berserk rage {unknown}
 o - a potion of degeneration {unknown}
 p - a potion of might {unknown}


   Skills:
 + Level 3.8 Dodging
 - Level 2.0 Stealth
 + Level 2.0 Spellcasting
 * Level 7.2 Necromancy


You had one spell level left.
You knew the following spells:

 Your Spells              Type           Power      Damage    Failure   Level
a - Necrotise             Necr           92%        1d8       1%          1
b - Vampiric Draining     Necr           23%        2d7       1%          3
c - Dispel Undead         Necr           23%        3d12      6%          4

Your spell library contained the following spells:

 Spells                   Type           Power      Damage    Failure   Level
 Kiss of Death            Conj/Necr      48%        2d9       3%          1
 Apportation              Tloc           2%         N/A       13%         1
 Slow                     Hex            4%         N/A       13%         1
 Sting                    Conj/Alch      4%         1d3       13%         1
 Summon Small Mammal      Summ           4%         N/A       13%         1
 Animate Dead             Necr           23%        N/A       6%          4
 Cigotuvi's Dreadful Rot  Necr/Alch/Air  16%        N/A       8%          2
 Curse of Agony           Necr           23%        N/A       17%         5
 Static Discharge         Conj/Air       2%         3-4/arc   19%         2
 Anguish                  Hex/Necr       6%         N/A       28%         4
 Confusing Touch          Hex            1%         N/A       34%         3
 Cause Fear               Hex            0%         N/A       75%         4
 Enfeeble                 Hex            0%         N/A       100%        7
 Fire Storm               Conj/Fire      0%         6d1       100%        9


Dungeon Overview and Level Annotations

Branches:
Dungeon (4/15)
 Temple: D:4-7

Altars:

Annotations:
D:4 Menkaure


Innate Abilities, Weirdness & Mutations

You are mostly covered in icy blue scales. (AC +3)


Message History

a - a scroll labelled GYCAUBB TAJU
r - a ring of poison resistance
There is a stone staircase leading up here.
Menkaure, Prince of Dust comes into view.
Menkaure shouts!
You hear a shout!
Casting: Necrotise (safe; 1% risk of failure)
Confirm with . or Enter, or press ? or * to list all spells.
You can't see any susceptible monsters within range! (Use Z to cast anyway.)
An orc comes into view. It is wielding a +0 war axe.
Menkaure casts a spell.
Menkaure seems to speed up.
You hear a shout! x2
An orc comes into view. It is wielding a +0 dagger.
Casting: Necrotise (safe; 1% risk of failure)
Confirm with . or Enter, or press ? or * to list all spells.
You can't see any susceptible monsters within range! (Use Z to cast anyway.) Unknown command.
Unknown command.
Unknown command.
Throw: 11 darts (poison)
Press: ? - help, Q - select action, (/) - cycle Shift-Dir - straight line, f - orc
Aim: an orc, wielding a +0 dagger (60% to hit)
Okay, then.
Unknown command.
Unknown command.
An orc comes into view. It is wielding a +0 club.
Menkaure hits you!
Casting: Necrotise (safe; 1% risk of failure)
Confirm with . or Enter, or press ? or * to list all spells.
Aiming: Dispel Undead (quite dangerous; 6% risk of failure)
Press: ? - help, Shift-Dir - straight line, f - Menkaure
Aim: Menkaure (fast, 100% to hit)
Menkaure is dispelled!!
The orc shouts!
You hear a shout!
Menkaure hits you!
You barely miss Menkaure.
Menkaure is almost destroyed.
Menkaure hits you!!
Ouch! That really hurt!
You die...

#..........######..
##.###......<......###..
#...........##......##≈.
##..........###..#....≈#
.............##..#..~.≈#
.......#.......#....~.≈#
..o....#...##..#...~.~≈#
..o............##...~.≈#
.o....M@.......#....##≈#
........###..##.....####
#..#....###.# #([......#...
#..<..# .... #.#...##.....
##.... ##...######.#......
.....## ##..#.##....#.....
...#.#####...........#.....
..#....##..###............
#.#.....#..###............


You could see Menkaure (fast) and 3 orcs.

Vanquished Creatures
  Sigmund (D:3)
  An orc priest (D:3)
  Terence (D:3)
  4 gnolls (D:3)
  2 adders (D:3)
  4 dart slugs
  A ribbon worm (D:3)
  2 orcs (D:3)
  3 bats
  2 endoplasms
  A giant cockroach (D:3)
  5 goblins
  4 hobgoblins
  4 jackals (D:4)
  5 kobolds
  2 quokkas (D:3)
  7 ball pythons
  2 frilled lizards (D:1)
51 creatures vanquished.

Vanquished Creatures (collateral kills)
  A ball python (D:1)
  A hobgoblin (D:1)
  A rat (D:2)
3 creatures vanquished.

Grand Total: 54 creatures vanquished

Notes
Turn   | Place    | Note
-------+----------+-------------------------------------------
     0 | D:1      | nel the Demonspawn Necromancer began the quest for the Orb.
     0 | D:1      | Reached XP level 1. HP: 13/13 MP: 3/3
   334 | D:1      | Gained mutation: You are partially covered in icy blue
                  | scales. (AC +2) [demonic ancestry]
   334 | D:1      | Reached XP level 2. HP: 19/19 MP: 3/5
   668 | D:1      | Got the Papyrus of Nephomancy and Oxidation
  1083 | D:2      | Reached skill level 5 in Necromancy
  1510 | D:2      | Reached XP level 3. HP: 22/24 MP: 4/6
  1581 | D:3      | Learned a level 3 spell: Vampiric Draining
  1859 | D:3      | Noticed Terence
  1866 | D:3      | Killed Terence
  2053 | D:3      | Gained mutation: You are mostly covered in icy blue scales.
                  | (AC +3) [demonic ancestry]
  2053 | D:3      | Reached XP level 4. HP: 23/30 MP: 0/7
  2333 | D:3      | Noticed Sigmund
  2345 | D:3      | Killed Sigmund
  2346 | D:3      | Reached skill level 6 in Necromancy
  2346 | D:3      | Reached XP level 5. HP: 31/35 MP: 3/8
  2472 | D:3      | Identified the +0 leather armour of Jigsaw {rPois Slay+3
                  | Stlth+}
  2623 | D:3      | Reached skill level 7 in Necromancy
  2623 | D:3      | Reached XP level 6. HP: 18/41 MP: 0/9
  3167 | D:4      | Learned a level 4 spell: Dispel Undead
  3231 | D:4      | Noticed Menkaure
  3237 | D:4      | Mangled by Menkaure

Illustrated notes

Levels and vault maps discovered:
D:1:      heliophobic_arrival_enchanted_forest, layout_basic,
          minmay_tromino_v4_b
D:2:      layout_loops_ring
D:3:      layout_loops_corners, uniq_sigmund, uniq_terence
D:4:      layout_cave_pools, serial_rivers, chequers_serial_rivers_room_b,
          chequers_serial_rivers_micro_c, chequers_serial_rivers_small_b,
          chequers_serial_rivers_micro_e, chequers_serial_rivers_micro_b,
          serial_library_hellmonk_secret_room, serial_bayou_pond_e,
          uniq_menkaure

Skill      XL: |  1  2  3  4  5 |
---------------+----------------+-----
Stealth        | 2 |  2.0
Dodging        | 2 3 |  3.8
Necromancy     | 5 6 7 |  7.2
Spellcasting   | |  2.0

Action                     |  1- 3 |  4- 6 || total
---------------------------+-------+-------++-------
  Melee: Unarmed           |    42 |       ||    42
         Punch             |     1 |       ||     1
         Short sword       |     9 |    35 ||    44
   Cast: Necrotise         |    48 |    38 ||    86
         Vampiric Draining |     1 |     2 ||     3
         Dispel Undead     |       |     1 ||     1
   Stab: Sleeping          |     1 |     1 ||     2
 Armour: Robe              |    40 |    12 ||    52
         Leather armour    |       |    11 ||    11
  Dodge: Dodged            |    44 |    20 ||    64
  Block: Other             |    19 |    11 ||    30
         Reflection        |     2 |       ||     2

Table legend: (Time is in decaauts)
 A = Elapsed time spent in this place.
 B = Non-inter-level travel time spent in this place.
 C = Inter-level travel time spent in this place.
 D = Time resting spent in this place.
 E = Time spent auto-exploring this place.
 F = Levels seen in this place.
 G = Mean time per level.
                   A        B        C        D        E       F      G
               +--------+--------+--------+--------+--------+-----+--------+
         Total |   3236 |   3127 |    109 |     82 |   2524 |   4 |  809.0 |
       Dungeon |   3236 |   3127 |    109 |     82 |   2524 |   4 |  809.0 |
               +--------+--------+--------+--------+--------+-----+--------+

Top non-repeatable levels by time:
     D:3: 1389 daAuts
     D:1: 788 daAuts
     D:2: 772 daAuts
     D:4: 286 daAuts
